 Dungeon Crawl Stone Soup version 0.29-a0-43-g62a80824bf (webtiles) character file.

Game seed: 17702286368773605393

53 Hubjo the Grasshopper (level 3, -10/21 HPs)
             Began as a Vampire Warper on Feb 2, 2022.
             Mangled by a gnoll (11 damage)
             ... on level 3 of the Dungeon.
             The game lasted 00:03:21 (623 turns).

Hubjo the Grasshopper (Vampire Warper)               Turns: 623, Time: 00:03:22

Health: -10/21     AC:  3    Str: 10    XL:     3   Next: 64%
Magic:  6/6        EV: 12    Int: 17    God:
Gold:   27         SH:  0    Dex: 13    Spells: 4/6 levels left

rFire   . . .      SeeInvis +   a - +0 short sword
rCold   + + .      Faith    .   (no shield)
rNeg    + + +      Spirit   .   b - +0 leather armour
rPois   ∞          Reflect  .   (no helmet)
rElec   .          Harm     .   (no cloak)
rCorr   .          Rampage  .   (no gloves)
Will    .....                   (no boots)
Stlth   +++.......              (no amulet)
HPRegen 0.00/turn               (no ring)
MPRegen 0.10/turn               (no ring)

@: bloodless, inhibited regen
A: bloodless, fangs 3, see invisible, vampiric 2
a: Bat Form, Revivify


You were on level 3 of the Dungeon.
You visited 1 branch of the dungeon, and saw 5 of its levels.

You collected 27 gold pieces.

Inventory:

Hand Weapons
 a - a +0 short sword (weapon)
Missiles
 d - 4 boomerangs of dispersal (quivered)
Armour
 b - a +0 leather armour (worn)
Scrolls
 c - a scroll of blinking


   Skills:
 + Level 2.2 Fighting
 + Level 2.7 Short Blades
 + Level 0.7 Throwing
 + Level 1.1 Armour
 + Level 2.6 Dodging
 + Level 0.2 Stealth
 + Level 2.2 Spellcasting
 + Level 2.8 Translocations


You had 4 spell levels left.
You knew the following spells:

 Your Spells              Type           Power      Damage    Failure   Level
a - Blink                 Tloc           22%        N/A       12%         2

Your spell library contained the following spells:

 Spells                   Type           Power      Damage    Failure   Level
 Gell's Gravitas          Tloc           11%        N/A       24%         3
 Lesser Beckoning         Tloc           11%        N/A       24%         3
 Teleport Other           Tloc           11%        N/A       24%         3
 Corpse Rot               Necr/Air       2%         N/A       36%         2
 Dispel Undead            Necr           1%         3d6       95%         4
 Manifold Assault         Tloc           11%        N/A       92%         5
 Death Channel            Necr           0%         N/A       100%        6


Dungeon Overview and Level Annotations

Branches:
Dungeon (5/15)
 Temple: D:4-7

Altars:


Innate Abilities, Weirdness & Mutations

You do not regenerate when monsters are visible.
You are frail without blood (-20% HP).
You can heal yourself when you bite living creatures.
You are immune to poison.
You have razor-sharp teeth.
You have supernaturally acute eyesight. (SInv)
You are afflicted with vampirism and can become a bat while bloodless.


Message History

You hit the jackal but do no damage.
The jackal is lightly wounded.
The jackal bites you.
The jackal bites you but does no damage.
You hit the jackal.
The jackal is heavily wounded.
The jackal bites you. x2
* * * LOW HITPOINT WARNING * * *
The jackal closely misses you.
You hit the jackal but do no damage.
The jackal is heavily wounded.
The jackal closely misses you. The jackal completely misses you.
The jackal bites you.
* * * LOW HITPOINT WARNING * * *
Blink to where?
Press: ? - help, Dir - move target
As you read the scroll of blinking, it crumbles to dust.
The jackal bites you but does no damage.
The jackal barely misses you.
There is a stone staircase leading down here.
The jackal bites you but does no damage.
You climb downwards.
Found a trident.
There is a stone staircase leading up here.
You can't go down here!
The jackal bites you but does no damage. x2
You climb upwards.
The jackal misses you. x2
There is a stone staircase leading down here.
The kobold throws a stone.
The stone closely misses you.
The kobold throws a stone.
The stone closely misses you.
There is a stone staircase leading up here.
The jackal bites you.
* * * LOW HITPOINT WARNING * * *
The kobold hits you but does no damage. The jackal barely misses you.
The jackal bites you.
* * * LOW HITPOINT WARNING * * *
You climb upwards.
The ball python closely misses you. x2
The gnoll hits you with a +0 flail!
Ouch! That really hurt!
You die...

##### #.#
#...#####)###
#...........#
#...###.....#####
##.....g.........
#.g###......##
#..# #......#
#..# ###.#.....#
#g@# .g#..##.#
#hKS..#.## ...
##.##.#. .#. #..
.. # ### g...
...##


You could see 2 gnolls, a jackal, a ball python and a kobold.

Vanquished Creatures
  A centaur skeleton (D:4)
  2 endoplasms
  2 giant cockroaches (D:1)
  2 goblins
  3 hobgoblins
  5 jackals
  A quokka (D:1)
  2 ball pythons (D:1)
  A bat (D:1)
  2 frilled lizards
  2 rats (D:1)
23 creatures vanquished.

Notes
Turn   | Place    | Note
-------+----------+-------------------------------------------
     0 | D:1      | Hubjo the Vampire Warper began the quest for the Orb.
     0 | D:1      | Reached XP level 1. HP: 16/16 MP: 3/3
   220 | D:1      | Reached XP level 2. HP: 10/22 MP: 5/5
   227 | D:1      | Learned a level 2 spell: Blink
   514 | D:4      | Reached skill level 1 in Armour
   514 | D:4      | Gained mutation: You are afflicted with vampirism and can
                  | become a bat while bloodless. [Vampire growth]
   514 | D:4      | Reached XP level 3. HP: 13/27 MP: 6/6
   612 | D:5      | Entered Level 5 of the Dungeon
   622 | D:4      | HP: 1/21 [jackal (2)]
   623 | D:3      | Mangled by a gnoll

Illustrated notes

Levels and vault maps discovered:
D:1:      dpeg_arrival_solitude, layout_basic, basic_ecumenical_altar,
          minmay_tetromino_o4
D:2:      layout_loops_ring, uniq_jessica
D:3:      layout_loops_ring, makhleb_altar_promises_db, serial_shops,
          nicolae_shop_waterfront
D:4:      layout_rooms, grunt_decor_fettered, minmay_ogre_servants
D:5:      layout_basic, minmay_temple_entry_drinking_statues, kennysheep_doodads

Skill      XL: |  1  2 |
---------------+-------+-----
Fighting       | 2 |  2.2
Armour         | 1 |  1.1
Short Blades   | |  2.7
Throwing       | |  0.7
Dodging        | |  2.6
Stealth        | |  0.2
Spellcasting   | |  2.2
Translocations | |  2.8

Action                   || total
-------------------------++-------
Melee: Short sword       ||   100
       Bite              ||     9
       Punch             ||     2
Throw: Boomerang         ||     1
 Abil: Exsanguinate      ||     1
  Use: Potion            ||     3
       Scroll            ||     2
 Stab: Sleeping          ||     1
Armor: Leather armour    ||    52
Dodge: Dodged            ||   122

Table legend: (Time is in decaauts)
 A = Elapsed time spent in this place.
 B = Non-inter-level travel time spent in this place.
 C = Inter-level travel time spent in this place.
 D = Time resting spent in this place.
 E = Time spent auto-exploring this place.
 F = Levels seen in this place.
 G = Mean time per level.
                   A        B        C        D        E       F      G
               +--------+--------+--------+--------+--------+-----+--------+
         Total |    621 |    571 |     50 |      0 |    346 |   5 |  124.2 |
       Dungeon |    621 |    571 |     50 |      0 |    346 |   5 |  124.2 |
               +--------+--------+--------+--------+--------+-----+--------+

Top non-repeatable levels by time:
     D:1: 382 daAuts
     D:4: 136 daAuts
     D:2: 77 daAuts
     D:3: 22 daAuts
     D:5: 1 daAuts
